 Dungeon Crawl Stone Soup version 0.26-a0-646-g5d77183 (webtiles) character file.

Game seed: 3713077173187983735

439 Creed the Shield-Bearer (level 6, -4/51 HPs)
             Began as a Minotaur Fighter on Sept 25, 2020.
             Was an Initiate of Qazlal.
             Slain by a centaur skeleton (6 damage)
             ... on level 4 of the Dungeon.
             The game lasted 00:04:40 (2695 turns).

Creed the Shield-Bearer (Minotaur Fighter)          Turns: 2695, Time: 00:04:40

Health: -4/51      AC:  9    Str: 23    XL:     6   Next: 70%
Magic:  5/5        EV:  8    Int:  5    God:    Qazlal [......]
Gold:   217        SH: 10    Dex:  9    Spells: 5/5 levels left

rFire    . . .     SeeInvis .   a - +0 war axe
rCold    . . .     Faith    .   c - +0 kite shield
rNeg     . . .     Spirit   .   b - +0 scale mail
rPois    .         Reflect  .   (helmet restricted)
rElec    .         Harm     .   (no cloak)
rCorr    .         Rampage  .   (no gloves)
MR       .....                  v - +2 pair of boots
Stlth    ..........             (no amulet)
HPRegen  0.17/turn              (no ring)
MPRegen  0.09/turn              (no ring)

@: mighty, drained
A: retaliatory headbutt, horns 2
a: Renounce Religion


You were on level 4 of the Dungeon.
You worshipped Qazlal.
Qazlal was noncommittal.
You visited 1 branch of the dungeon, and saw 4 of its levels.

You collected 217 gold pieces.

Inventory:

Hand Weapons
 a - a +0 war axe (weapon)
Armour
 b - a +0 scale mail (worn)
 c - a +0 kite shield (worn)
 v - a +2 pair of boots (worn)
Jewellery
 f - a +6 ring of dexterity {unknown}
 k - an uncursed ring of resist corrosion {unknown}
 s - an uncursed ring of protection from cold {unknown}
Wands
 u - a wand of iceblast (9)
Scrolls
 e - 4 scrolls of identify {unknown}
 g - a scroll of amnesia {unknown}
 h - 5 scrolls of remove curse {unknown}
 m - 2 scrolls of fog {unknown}
 n - a scroll of noise {unknown}
 o - a scroll of enchant armour {unknown}
 p - 4 scrolls of teleportation {unknown}
 q - 2 scrolls of enchant weapon {unknown}
 r - a scroll of fear {unknown}
Potions
 i - a potion of berserk rage {unknown}
 j - 2 potions of curing {unknown}
 l - a potion of invisibility {unknown}
 t - a potion of mutation {unknown}


   Skills:
 - Level 3.6(2.9) Fighting
 + Level 6.4(5.6) Axes
 - Level 3.6(2.9) Armour
 + Level 7.0(6.2) Shields


You had 5 spell levels left.
You didn't know any spells.
Your spell library was empty.

Dungeon Overview and Level Annotations

Branches:
Dungeon (4/15)
 Temple: D:4-7

Altars:
Fedhas
Qazlal
Yredelemnul


Innate Abilities, Weirdness & Mutations

You reflexively headbutt those who attack you in melee.
You have a pair of horns on your head.


Message History

You feel very mighty all of a sudden. The wight hits you with a +5 war axe.
* * * LOW HITPOINT WARNING * * *
You slash the wight!
You destroy the wight!
Qazlal accepts your kill. You block the wight's attack.
Your shield and scale mail prevent you from hitting the wight.
You headbutt the wight!
You destroy the wight!
Qazlal accepts your kill. The ball python closely misses you.
You block the ball python's attack.
You hit the ball python.
You kill the ball python!
Qazlal accepts your kill.
Your base Shields skill increases to level 7!
You slice the centaur skeleton!!
The centaur skeleton is severely damaged.
The centaur skeleton hits you.
You die...

...# #.#.# #.# ...##
#.#'## #.# # ...#
#....## #.## #.
..###.....## #... ##S
#.##.......# ###.
##...##)#.........####..
..................+.....
##....#Z#.........####..
##.# #@##.......## ##.
#.......###.....## #.
......### .....## #.
#.###. ...## #. . ...#
#. ## .. #. #. ..


You could see a centaur skeleton.

Vanquished Creatures
  A scorpion (D:2)
  4 wights (D:4)
  An orc priest (D:3)
  A hound zombie (D:2)
  4 adders
  2 river rats (D:3)
  4 oozes
  An adder skeleton (D:3)
  An adder zombie (D:3)
  5 worms
  4 dart slugs
  2 leopard geckos
  4 orcs (D:3)
  3 ball pythons
  5 giant cockroaches
  6 goblins
  8 hobgoblins
  4 jackals (D:1)
  8 kobolds
  3 quokkas (D:3)
  5 bats
  3 frilled lizards (D:2)
  A giant cockroach zombie (D:3)
  2 jackal zombies (D:3)
  A quokka skeleton (D:3)
  11 rats
94 creatures vanquished.

Vanquished Creatures (others)
  2 withered plants (D:3)
2 creatures vanquished.

Grand Total: 96 creatures vanquished

Notes
Turn   | Place    | Note
-------+----------+-------------------------------------------
     0 | D:1      | Creed the Minotaur Fighter began the quest for the Orb.
     0 | D:1      | Reached XP level 1. HP: 19/19 MP: 0/0
    72 | D:1      | Reached skill level 4 in Shields
   143 | D:1      | Reached XP level 2. HP: 26/26 MP: 1/1
   494 | D:1      | Reached XP level 3. HP: 31/31 MP: 2/2
  1033 | D:2      | Noticed a scorpion
  1044 | D:2      | Killed a scorpion
  1044 | D:2      | Reached skill level 5 in Shields
  1044 | D:2      | Reached XP level 4. HP: 23/39 MP: 3/3
  1281 | D:2      | Found a faded altar of an unknown god.
  1504 | D:2      | Reached XP level 5. HP: 45/45 MP: 4/4
  1548 | D:2      | Found a blossoming altar of Fedhas.
  1664 | D:3      | Found a basalt altar of Yredelemnul.
  1676 | D:3      | Reached skill level 5 in Axes
  1747 | D:3      | Reached skill level 6 in Shields
  1776 | D:3      | HP: 2/45 [poisoned by an adder]
  2399 | D:3      | Reached XP level 6. HP: 45/51 MP: 5/5
  2512 | D:4      | Found a stormy altar of Qazlal.
  2588 | D:4      | Became a worshipper of Qazlal Stormbringer
  2691 | D:4      | HP: 2/51 [wight/+5 war axe (2)]
  2694 | D:4      | Reached skill level 7 in Shields
  2695 | D:4      | Slain by a centaur skeleton

Illustrated notes

Levels and vault maps discovered:
D:1:      wander_arrival_peaceful_grave, layout_basic
D:2:      layout_rooms, marbit_many_paths, chequers_ecumenical_altar_lobes
D:3:      layout_rooms, nicolae_overflow_crystal_walls, portal_sewer_entry_b,
          serial_undead, serial_undead_b, serial_undead_d, serial_undead_f,
          serial_undead_a
D:4:      layout_loops_corners, overflow_temple_1_default, corexii_corridor_pit,
          minmay_increasing_density

Skill      XL: |  1  2  3  4  5  6 |
---------------+-------------------+-----
Shields        | 4 5 6 7 |  7.0
Axes           | 3 4 5 6 |  6.4
Fighting       | |  3.6
Armour         | |  3.6

Action                   |  1- 3 |  4- 6 || total
-------------------------+-------+-------++-------
Melee: War axe           |    74 |   127 ||   201
       Headbutt          |    14 |    24 ||    38
  Use: Potion            |       |     2 ||     2
Armor: Scale mail        |    48 |    33 ||    81
Dodge: Dodged            |    26 |    52 ||    78
Block: Kite shield       |    40 |    81 ||   121

Table legend: (Time is in decaauts)
 A = Elapsed time spent in this place.
 B = Non-inter-level travel time spent in this place.
 C = Inter-level travel time spent in this place.
 D = Time resting spent in this place.
 E = Time spent auto-exploring this place.
 F = Levels seen in this place.
 G = Mean time per level.
                   A        B        C        D        E       F      G
               +--------+--------+--------+--------+--------+-----+--------+
         Total |   2763 |   2607 |    156 |    127 |   1915 |   4 |  690.8 |
       Dungeon |   2763 |   2607 |    156 |    127 |   1915 |   4 |  690.8 |
               +--------+--------+--------+--------+--------+-----+--------+

Top non-repeatable levels by time:
     D:1: 967 daAuts
     D:3: 864 daAuts
     D:2: 708 daAuts
     D:4: 222 daAuts
